 Dungeon Crawl Stone Soup version 0.18-a0-1797-gc18daef (webtiles) character file.

56 macross the Sneak (level 3, 0/18 HPs)
             Began as a Spriggan Assassin on Apr 22, 2016.
             Was an Initiate of Dithmenos.
             Slain by macross's ghost (1 damage)
             ... on level 3 of the Dungeon.
             The game lasted 00:07:30 (2087 turns).

macross the Sneak (Spriggan Assassin)               Turns: 2087, Time: 00:07:30

Health: 0/18       AC:  3    Str:  7    XL:     3   Next: 69%
Magic:  4/4        EV: 18    Int: 12    God:    Dithmenos [......]
Gold:   81         SH:  0    Dex: 18    Spells: 0 memorised, 2 levels left

rFire  . . .     SeeInvis +     a - +2 dagger
rCold  . . .     Gourm    .     c - +0 robe
rNeg   . . .     Faith    .     (shield restricted)
rPois  .         Spirit   .     (helmet restricted)
rElec  .         Dismiss  .     d - +0 cloak
rCorr  .         Reflect  .     (gloves unavailable)
SustAt .         Harm     .     (boots unavailable)
MR     .....                    m - amulet of magic regeneration
Stlth  ++++......               (no ring)
                                (no ring)

@: very quick, not resistant to hostile enchantments, stealthy
A: unfitting armour, see invisible, herbivore 3, speed 3, slow metabolism 2
a: Renounce Religion


You were on level 3 of the Dungeon.
You worshipped Dithmenos.
Dithmenos was noncommittal.
You were not hungry.

You visited 1 branch of the dungeon, and saw 3 of its levels.

You collected 81 gold pieces.

Inventory:

Hand Weapons
 a - a +2 dagger (weapon)
 b - a +0 blowgun
Missiles
 e - 8 poisoned needles
 f - 2 curare-tipped needles
Armour
 c - a +0 robe (worn)
 d - a +0 cloak (worn)
Jewellery
 m - an amulet of magic regeneration (around neck)
Scrolls
 h - 2 scrolls of enchant weapon {unknown}
 i - 2 scrolls of identify {unknown}
 k - a scroll of random uselessness {unknown}
 n - a scroll of remove curse {unknown}
 p - a scroll of noise {unknown}
Potions
 j - a potion of cure mutation
 l - 2 potions of ambrosia {unknown}
Comestibles
 g - a bread ration
 o - a slice of pizza


   Skills:
 + Level 1.6 Fighting
 * Level 2.7 Short Blades
 - Level 2.0 Throwing
 * Level 3.0 Dodging
 * Level 7.1 Stealth


You had 2 spell levels left.
You didn't know any spells.

Dungeon Overview and Level Annotations

Branches:
Dungeon (3/15)

Altars:
Dithmenos
Fedhas
Okawaru
Yredelemnul

Annotations:
D:3 macross's ghost, weakling SpAs


Innate Abilities, Weirdness & Mutations

You are tiny and cannot use many weapons and most armour.
You have supernaturally acute eyesight.
You are a herbivore.
You cover ground extremely quickly.
You need consume almost no food.


Message History

Macross's ghost hits you but does no damage.
You hit macross's ghost.
Macross's ghost is heavily damaged.
You hit macross's ghost but do no damage.
Macross's ghost is heavily damaged.
Macross's ghost misses you.
You closely miss macross's ghost.
Macross's ghost is heavily damaged.
Macross's ghost closely misses you.
You closely miss macross's ghost.
Macross's ghost is heavily damaged.
Macross's ghost hits you.
* * * LOW HITPOINT WARNING * * *
You barely miss macross's ghost.
Macross's ghost is heavily damaged.
Macross's ghost hits you.
* * * LOW HITPOINT WARNING * * *
It was a potion of cure mutation.
It has a very clean taste.
Macross's ghost hits you.
You die...

###
#.#
#.#
..#
#.#
#.#
#W#
#@#
###


You could see macross's ghost.

Vanquished Creatures
  2 worms (D:2)
  2 dart slugs
  A giant gecko (D:1)
  3 giant cockroaches
  8 goblins
  4 hobgoblins
  8 kobolds
  7 bats
  2 giant newts (D:2)
  3 rats (D:2)
40 creatures vanquished.

Notes
Turn   | Place    | Note
--------------------------------------------------------------
     0 | D:1      | macross the Spriggan Assassin began the quest for the Orb.
     0 | D:1      | Reached XP level 1. HP: 10/10 MP: 2/2
     7 | D:1      | Noticed a killer bee
     7 | D:1      | Noticed a polar bear
     8 | D:1      | Noticed a wolf
     8 | D:1      | Noticed a swamp drake
     9 | D:1      | Reached skill level 6 in Stealth
   194 | D:1      | Reached XP level 2. HP: 8/14 MP: 3/3
   912 | D:2      | Reached XP level 3. HP: 18/18 MP: 4/4
   983 | D:2      | Found an iron altar of Okawaru.
  1252 | D:2      | Reached skill level 7 in Stealth
  1330 | D:2      | Found a shadowy altar of Dithmenos.
  1385 | D:2      | Became a worshipper of Dithmenos the Shadowed
  1477 | D:2      | Found a basalt altar of Yredelemnul.
  1612 | D:2      | Found a blossoming altar of Fedhas.
  2063 | D:3      | Noticed macross's ghost (weakling SpAs)
  2087 | D:3      | Slain by macross's ghost

Vault maps used:
D:1:      onia_arrival_zoo_common, serial_park_tiny_1,
          minmay_misc_feat_secret_circle, due_unseen_surprise
D:2:      nicolae_dithmenos_shadow_blocks, okawaru_trees_1,
          yredelemnul_altar_generic, fedhas_altar_4
D:3:      first_bread

Skill      XL: |  1  2  3 |
---------------+----------+-----
Stealth        | 6 7 |  7.1
Dodging        | 2 3 |  3.0
Fighting       | |  1.6
Short Blades   | |  2.7
Throwing       | |  2.0

Action                   || total
-------------------------++-------
Melee: Dagger            ||   160
  Use: Potion            ||     1
 Stab: Sleeping          ||    12
Armor: Robe              ||    22
Dodge: Dodged            ||   101
